 Dungeon Crawl Stone Soup version 0.31-a0-564-g3b7de120b3 (webtiles) character file.

Game seed: 441987286653585290

360 javelincjr the Digger (level 6, -5/32 HPs)
             Began as a Gargoyle Earth Elementalist on Aug 17, 2023.
             Was a Believer of Qazlal.
             Killed from afar by Blork the orc (8 damage)
             ... with a magic dart
             ... on level 3 of the Dungeon.
             The game lasted 00:12:46 (3335 turns).

javelincjr the Digger (Gargoyle Earth Elementalist) Turns: 3335, Time: 00:12:47

Health: -5/32      AC:  0    Str: 11    XL:     6   Next: 65%
Magic:  8/10       EV: 14    Int: 18    God:    Qazlal [**....]
Gold:   147        SH:  2    Dex: 10    Spells: 8/11 levels left

rFire   . . .        w - melded +2 quarterstaff (chaos)
rCold   . . .        (shield currently unavailable)
rNeg    + . .        a - melded +0 robe
rPois   ∞            e - melded +1 helmet {SInv}
rElec   .            x - melded +0 cloak {Stlth+}
rCorr   .            (gloves currently unavailable)
SInv    .            (boots currently unavailable)
Will    .....        (no amulet)
Stlth   ++           (ring currently unavailable)
HPRegen 0.25/turn    (ring currently unavailable)
MPRegen 0.12/turn

%: no passive effects
@: pig-form, very quick
A: fast, no casting, sickness immunity, AC +4, small, negative energy resistance
1, (electricity resistance), torment resistance 1, petrification resistance
a: Renounce Religion, Upheaval


You were on level 3 of the Dungeon.
You worshipped Qazlal.
Qazlal was pleased with you.
You were a filthy swine.
You visited 1 branch of the dungeon, and saw 4 of its levels.

You collected 147 gold pieces.

Inventory:

Hand Weapons
 w - a +2 quarterstaff of chaos (melded)
Missiles
 j - 9 boomerangs
 u - 8 poisoned darts
Armour
 a - a +0 robe (melded)
 e - a +1 helmet of see invisible (melded)
 x - a +0 cloak of stealth (melded)
Wands
 v - a wand of paralysis (4)
Scrolls
 c - a scroll of poison {unknown}
 d - 4 scrolls of teleportation {unknown}
 g - a scroll of acquirement {unknown}
 i - a scroll of revelation {unknown}
 l - a scroll of identify {unknown}
 m - a scroll of fear {unknown}
 p - a scroll of immolation {unknown}
 q - a scroll of enchant armour {unknown}
 r - a scroll of noise {unknown}
Potions
 b - a potion of magic
 f - a potion of degeneration {unknown}
 h - 2 potions of mutation {unknown}
 k - 3 potions of curing {unknown}
 n - a potion of lignification {unknown}
 o - a potion of brilliance {unknown}
 s - a potion of berserk rage {unknown}
 t - a potion of resistance {unknown}


   Skills:
 + Level 2.7 Dodging
 + Level 3.8 Stealth
 + Level 3.0 Spellcasting
 + Level 1.4 Summonings
 + Level 2.1 Transmutations
 + Level 4.7 Earth Magic
 + Level 1.9 Invocations


You had 8 spell levels left.
You knew the following spells:

 Your Spells              Type           Power      Damage    Failure   Level
a - Sandblast             Erth           38%        2d10      2%          1
b - Passwall              Tmut/Erth      12%        N/A       6%          2

Your spell library contained the following spells:

 Spells                   Type           Power      Damage    Failure   Level
 Summon Small Mammal      Summ           28%        N/A       9%          1
 Shock                    Conj/Air       8%         1d3       16%         1
 Stone Arrow              Conj/Erth      22%        3d8       19%         3
 Call Canine Familiar     Summ           7%         N/A       26%         3
 Summon Guardian Golem    Hex/Summ       5%         N/A       36%         3
 Petrify                  Tmut/Erth      15%        N/A       36%         4
 Swiftness                Air            2%         N/A       43%         3
 Airstrike                Air            1%         2d(1-17)  85%         4


Dungeon Overview and Level Annotations

Branches:
Dungeon (4/15)
 Temple: D:4-7

Altars:
Gozag
Qazlal
Ru
Wu Jian
The Shining One

Shops:
D:1 *

Annotations:
D:3 Blork the orc


Innate Abilities, Weirdness & Mutations

You are a filthy swine.
You move quickly.
Your equipment is almost entirely melded.
You are incapable of wielding weapons or throwing items.
You cannot cast spells.
You are immune to sickness and miasma.
((Your stone body is resilient. (AC +4)))
You are immune to poison.
You resist negative energy. (rN+)
((You are resistant to electric shocks. (rElec)))
You are resistant to unholy torment.
You are immune to petrification.


Message History

Casting: Sandblast (safe; 2% risk of failure)
Confirm with . or Enter, or press ? or * to list all spells.
Okay, then.
The blast of sand hits Blork the orc!
Blork the orc is moderately wounded.
You can't see any susceptible monsters within range! (Use Z to cast anyway.)
The blast of sand hits Blork the orc.
Blork the orc is moderately wounded.
Blork the orc gestures at you while chanting.
The puff of frost misses you.
Blork the orc hits you with a +0 dire flail!
The blast of sand hits Blork the orc!
Blork the orc is severely wounded.
Blork the orc mumbles some strange words.
Blork the orc seems to speed up.
The blast of sand misses Blork the orc.
Blork the orc zaps a wand.
You turn into a filthy swine.
Your +2 quarterstaff of chaos melds into your body.
Your +0 cloak of stealth melds into your body.
Your +1 helmet of see invisible melds into your body.
Your +0 robe melds into your body.
You feel less stealthy.
You feel less perceptive.
Blork the orc gestures at you while chanting.
The puff of flame misses you.
You can't do that in your present form.
Blork the orc misses you.
There is a stone staircase leading up here.
Blork the orc screams, "Die!"
Blork the orc hits you with a +0 dire flail!
Blork the orc closely misses you.
You climb upwards.
There is a stone staircase leading down here.
Blork the orc closely misses you. Blork the orc attacks as you move away!
Blork the orc misses you. Blork the orc casts a spell at you.
The puff of frost hits you!
* * * LOW HITPOINT WARNING * * *
Blork the orc casts a spell at you. The magic dart hits you!
You die...

########### # #.........# #
##########.........# ##
#........#.........# .##
#..................# ..#
######...☼..............## ..#
##.....o..h....#>.........#
..#####..#############..........#
#...##.>.....###### #..........#
........####......####..........#
............#####.....#....###...
.............................#...
........###############.#.##.....
..........###### ##...........
...............######..##........


You could see Blork the orc (fast).

Vanquished Creatures
  An ogre (D:4)
  2 orc priests (D:4)
  Crazy Yiuf (D:4)
  An iguana (D:4)
  3 orc wizards (D:4)
  A shadow imp (D:4)
  A white imp (D:4)
  4 worms
  2 dart slugs
  3 orcs (D:4)
  5 ball pythons
  4 endoplasms
  3 giant cockroaches
  3 hobgoblins
  3 quokkas
  6 bats
  6 frilled lizards
  2 goblins
  10 kobolds
  3 rats
64 creatures vanquished.

Notes
Turn   | Place    | Note
-------+----------+-------------------------------------------
     0 | D:1      | javelincjr the Gargoyle Earth Elementalist began the quest
                  | for the Orb.
     0 | D:1      | Reached XP level 1. HP: 10/10 MP: 3/3
   504 | D:1      | Found Gonuam's Assorted Antiques.
   585 | D:1      | Reached skill level 1 in Transmutations
   585 | D:1      | Reached XP level 2. HP: 15/15 MP: 3/5
  1165 | D:2      | Reached XP level 3. HP: 16/19 MP: 1/6
  1309 | D:2      | Found a faded altar of an unknown god.
  1330 | D:2      | Prayed at the altar of an unknown god.
  1330 | D:2      | Became a worshipper of Qazlal Stormbringer
  1330 | D:2      | Reached * piety under Qazlal
  1399 | D:2      | Reached skill level 4 in Earth Magic
  1462 | D:2      | Found a stormy altar of Qazlal.
  2006 | D:3      | Found a sacrificial altar of Ru.
  2268 | D:3      | Found an opulent altar of Gozag.
  2272 | D:3      | Found a glowing golden altar of the Shining One.
  2324 | D:3      | Found an ornate altar of the Wu Jian Council.
  2479 | D:4      | Reached XP level 4. HP: 24/24 MP: 2/7
  2542 | D:4      | Noticed an ogre
  2562 | D:4      | Reached XP level 5. HP: 28/28 MP: 0/8
  2633 | D:4      | Reached ** piety under Qazlal
  2634 | D:4      | Reached skill level 1 in Invocations
  2708 | D:4      | Reached skill level 1 in Summonings
  2764 | D:4      | Learned a level 2 spell: Passwall
  2938 | D:4      | Killed an ogre
  2939 | D:4      | Reached XP level 6. HP: 32/32 MP: 6/10
  3103 | D:4      | Found a runed translucent door.
  3104 | D:4      | Noticed Crazy Yiuf
  3113 | D:4      | Killed Crazy Yiuf
  3238 | D:4      | Noticed Blork the orc
  3335 | D:3      | Killed from afar by Blork the orc

Illustrated notes

Levels and vault maps discovered:
D:1:      nicolae_arrival_somewhat_less_tricky_arrival, layout_basic,
          serial_shops, shop
D:2:      layout_loops_ring, ebering_ecumenical_altar_hall, basic_altar
D:3:      layout_rooms, nicolae_overflow_macrodata_refinement
D:4:      layout_loops_ring, serial_demonic, serial_demonic_e, serial_demonic_e,
          serial_demonic_b, serial_demonic_c, corexii_hall_statues_x,
          grunt_decor_fettered, minmay_misc_feat_roman, uniq_crazy_yiuf_cottage,
          uniq_blork_the_orc

Skill      XL: |  1  2  3  4  5  6 |
---------------+-------------------+-----
Transmutations | 1 2 |  2.1
Earth Magic    | 4 |  4.7
Dodging        | 2 |  2.7
Stealth        | 3 |  3.8
Invocations    | 1 |  1.9
Summonings     | 1 |  1.4
Spellcasting   | 3 |  3.0

Action                     |  1- 3 |  4- 6 || total
---------------------------+-------+-------++-------
  Melee: Unarmed           |     3 |     2 ||     5
         Quarterstaff      |       |     1 ||     1
  Throw: Boomerang         |       |     2 ||     2
   Cast: Sandblast         |    67 |    53 ||   120
 Armour: Robe              |     6 |     9 ||    15
  Dodge: Dodged            |    17 |    22 ||    39
  Block: Other             |       |     3 ||     3

Table legend: (Time is in decaauts)
 A = Elapsed time spent in this place.
 B = Non-inter-level travel time spent in this place.
 C = Inter-level travel time spent in this place.
 D = Time resting spent in this place.
 E = Time spent auto-exploring this place.
 F = Levels seen in this place.
 G = Mean time per level.
                   A        B        C        D        E       F      G
               +--------+--------+--------+--------+--------+-----+--------+
         Total |   3367 |   3286 |     81 |    128 |   2678 |   4 |  841.8 |
       Dungeon |   3367 |   3286 |     81 |    128 |   2678 |   4 |  841.8 |
               +--------+--------+--------+--------+--------+-----+--------+

Top non-repeatable levels by time:
     D:2: 971 daAuts
     D:1: 951 daAuts
     D:4: 819 daAuts
     D:3: 626 daAuts
